 Dungeon Crawl Stone Soup version 0.21.1-1-g345015f (webtiles) character file.

191 tidbits the Firebug (level 5, 26/37 HPs)
             Began as a Gnoll Fire Elementalist on Feb 6, 2018.
             Quit the game on level 4 of the Dungeon.
             The game lasted 00:06:13 (635 turns).

tidbits the Firebug (Gnoll Fire Elementalist)        Turns: 635, Time: 00:06:13

Health: 26/37      AC:  2    Str: 10    XL:     5   Next: 70%
Magic:  2/12       EV: 15    Int: 19    God:
Gold:   110        SH:  0    Dex: 15    Spells: 4/14 levels left

rFire    . . .     SeeInvis .   a - +0 dagger (venom)
rCold    . . .     Gourm    .   (no shield)
rNeg     . . .     Faith    .   f - +0 robe
rPois    .         Spirit   .   (no helmet)
rElec    .         Reflect  .   (no cloak)
rCorr    .         Harm     .   (no gloves)
MR       .....                  (no boots)
Stlth    +++.......             (no amulet)
HPRegen  0.12/turn              (no ring)
MPRegen  0.13/turn              (no ring)

@: very slightly contaminated
A: distributed training, fangs 1, strong nose
a: no special abilities


You were on level 4 of the Dungeon.
You were not hungry.

You visited 1 branch of the dungeon, and saw 4 of its levels.

You collected 110 gold pieces.

Inventory:

Hand Weapons
 a - a +0 dagger of venom (weapon)
   (You found it on level 1 of the Dungeon)
 g - a +0 war axe
 j - a +0 hunting sling
 l - a +0 quarterstaff
 m - a +0 blowgun
 s - a +0 flail
 u - a +0 rapier
Missiles
 k - 27 stones (quivered)
 n - 3 poisoned needles
Armour
 f - a +0 robe (worn)
Jewellery
 p - an uncursed ring of teleportation
   (You found it on level 3 of the Dungeon)
Scrolls
 h - 5 scrolls of identify {unknown}
 i - a scroll of fog {unknown}
 o - a scroll of amnesia {unknown}
 q - a scroll of enchant weapon {unknown}
 r - 3 scrolls of remove curse
 t - a scroll of blinking {unknown}
Potions
 d - a potion of agility {unknown}
 e - a potion of berserk rage {unknown}
Books
 b - a book of Flames

   Spells                             Type                      Level
   a - Flame Tongue                   Conjuration/Fire             1
   b - Throw Flame                    Conjuration/Fire             2
   c - Conjure Flame                  Conjuration/Fire             3
   d - Inner Flame                    Hexes/Fire                   3
   e - Sticky Flame                   Conjuration/Fire             4
   f - Fireball                       Conjuration/Fire             5
Comestibles
 c - 6 rations


   Skills:
 + Level 1.5 Fighting
 + Level 1.5 Short Blades
 + Level 1.5 Long Blades
 + Level 1.5 Axes
 + Level 1.5 Maces & Flails
 + Level 1.5 Polearms
 + Level 1.5 Staves
 + Level 1.5 Slings
 + Level 1.5 Bows
 + Level 1.5 Crossbows
 + Level 1.5 Throwing
 + Level 1.5 Armour
 + Level 4.8 Dodging
 + Level 4.4 Stealth
 + Level 1.5 Shields
 + Level 1.5 Unarmed Combat
 + Level 5.2 Spellcasting
 + Level 2.4 Conjurations
 + Level 1.2 Hexes
 + Level 1.2 Charms
 + Level 1.2 Summonings
 + Level 1.2 Necromancy
 + Level 1.2 Translocations
 + Level 1.2 Transmutations
 + Level 5.5 Fire Magic
 + Level 1.2 Ice Magic
 + Level 1.2 Air Magic
 + Level 1.2 Earth Magic
 + Level 1.2 Poison Magic
 + Level 1.7 Invocations
 + Level 1.5 Evocations


You had 4 spell levels left.
You knew the following spells:

 Your Spells              Type           Power        Failure   Level  Hunger
a - Flame Tongue          Conj/Fire      ###..        2%          1    None
c - Conjure Flame         Conj/Fire      ###.....     7%          3    ##.....
j - Throw Flame           Conj/Fire      ###...       3%          2    #......
t - Sticky Flame          Conj/Fire      ###.....     22%         4    ####...


Dungeon Overview and Level Annotations

Branches:
Dungeon (4/15)
 Temple: D:4-7

Altars:
Fedhas
Nemelex Xobeh
Okawaru
Wu Jian

Annotations:
D:4 Robin


Innate Abilities, Weirdness & Mutations

Your experience applies equally to all skills.
You have very sharp teeth.
Your uncanny sense of smell can sniff out nearby items.


Message History

Aim: a bat (severely wounded)
The flame tongue hits the bat.
You kill the bat!
Things that are here:
a club; a scroll of remove curse
e - 2 scrolls of remove curse (gained 1) Adjust (i)tems, (s)pells, or (a)bilities?
Adjust which item? (? for menu, Esc to quit)
e - 2 scrolls of remove curse Adjust to which letter? (? for menu, Esc to quit)
r - 2 scrolls of remove curse;
e - a glowing black potion
Items here: )) [ † a dagger; a leather armour; a short sword; an orc corpse A giant cockroach comes into view.
You see here a scroll of remove curse.
r - 3 scrolls of remove curse (gained 1)
You see here a scroll labeled KAELAY QETHROGH.
t - a scroll labeled KAELAY QETHROGH You hit the giant cockroach.
The giant cockroach is poisoned.
The giant cockroach is severely wounded.
You kill the giant cockroach!
Found a stone staircase leading down.
There is a stone staircase leading down here.
You climb downwards.
Found 12 gold pieces.
There is a stone staircase leading up here.
Unknown command.
You see here 12 gold pieces.
You now have 110 gold pieces (gained 12).
Found a robe.
You see here a robe.
Found a rapier.
A worker ant and a phantom come into view.
Found a falchion. 2 goblins come into view.
Found a robe, a ration and 6 gold pieces.
The worker ant twitches its antennae in your direction.
The worker ant closely misses you.
Unknown command.
You closely miss the worker ant.
You bite the worker ant, but do no damage.
The worker ant closely misses you.
You hit the worker ant.
The worker ant is poisoned.
You bite the worker ant, but do no damage.
The worker ant is lightly wounded.
The worker ant barely misses you.
Casting: Flame Tongue
Confirm with . or Enter, or press ? or * to list all spells.
Aiming: Sticky Flame
Press: ? - help, Shift-Dir - straight line, f - worker ant
Aim: a worker ant (moderately wounded, poisoned)
You miscast Sticky Flame.
You are very lightly contaminated with residual magic.
Nothing appears to happen.
The worker ant barely misses you.
Casting: Sticky Flame
Confirm with . or Enter, or press ? or * to list all spells.
Aiming: Flame Tongue
Press: ? - help, Shift-Dir - straight line, f/p - worker ant
Aim: a worker ant (heavily wounded, poisoned)
The flame tongue hits the worker ant.
The worker ant is almost dead.
You kill the worker ant!
You see here a rapier.
u - a rapier You see here a ration.
c - 6 rations (gained 1)
A hobgoblin and Robin come into view.
Robin throws the goblin at you!
A goblin comes into view.
You barely miss the goblin.
The goblin shouts! x2; You hear a shout! x5
The goblin misses you.
You barely miss the goblin. You hit the goblin.
The goblin is poisoned.
The goblin is severely wounded.
You hit the goblin.
You kill the goblin!
The phantom barely misses you.
Casting: Flame Tongue
Confirm with . or Enter, or press ? or * to list all spells.
Aiming: Sticky Flame
Press: ? - help, Shift-Dir - straight line, f - phantom
Aim: a phantom You miscast Sticky Flame.
Lukewarm flames ripple over your body. The phantom hits you!
Casting: Sticky Flame
Confirm with . or Enter, or press ? or * to list all spells.
Aiming: Sticky Flame
Press: ? - help, Shift-Dir - straight line, f/p - phantom
Aim: a phantom The sticky flame hits the phantom.
The phantom is lightly damaged.
You hear a shout!
The phantom misses you.
A goblin comes into view. It is wielding a dagger.
A goblin and a hobgoblin come into view.
The goblin shouts!
Robin throws the goblin at you!
The goblin closely misses you. 2 goblins come into view.
Are you sure you want to abandon this character and quit the game? (Confirm with "yes".)

###.#
###.....#####.# #
### ##.......#..# #
###.......#####
###.........###
#...........#
##...........#
##............#
##....g........#
#gg.g@.........#
....g.g#W.........##
....g.###....†....#
..g..# #......).##
....g #....[...#
..g. ##......## ..g
#......# ..g
#.....## #.#....###


You could see a phantom, Robin, a hobgoblin and 6 goblins.

Vanquished Creatures
  An ogre (D:2)
  An orc priest (D:3)
  A worker ant (D:4)
  An adder (D:2)
  A worm (D:3)
  2 dart slugs
  A leopard gecko (D:2)
  2 orcs (D:3)
  4 giant cockroaches (D:3)
  8 goblins
  A hobgoblin (D:3)
  2 ball pythons
  3 bats
  3 frilled lizards (D:2)
  2 kobolds
  3 rats (D:3)
36 creatures vanquished.

Notes
Turn   | Place    | Note
-------+----------+-------------------------------------------
     0 | D:1      | tidbits the Gnoll Fire Elementalist began the quest for the Orb.
     0 | D:1      | Reached XP level 1. HP: 13/13 MP: 6/6
    59 | D:2      | Reached skill level 2 in Conjurations
    90 | D:2      | Reached XP level 2. HP: 11/20 MP: 2/7
    94 | D:2      | Learned a level 2 spell: Throw Flame
    99 | D:2      | Noticed an ogre
   144 | D:2      | Killed an ogre
   144 | D:2      | Reached skill level 1 in Fighting
   144 | D:2      | Reached skill level 1 in Short Blades
   144 | D:2      | Reached skill level 1 in Long Blades
   144 | D:2      | Reached skill level 1 in Axes
   144 | D:2      | Reached skill level 1 in Maces & Flails
   144 | D:2      | Reached skill level 1 in Polearms
   144 | D:2      | Reached skill level 1 in Staves
   144 | D:2      | Reached skill level 1 in Slings
   144 | D:2      | Reached skill level 1 in Bows
   144 | D:2      | Reached skill level 1 in Crossbows
   144 | D:2      | Reached skill level 1 in Throwing
   144 | D:2      | Reached skill level 1 in Armour
   144 | D:2      | Reached skill level 1 in Shields
   144 | D:2      | Reached skill level 1 in Unarmed Combat
   144 | D:2      | Reached skill level 5 in Spellcasting
   144 | D:2      | Reached skill level 1 in Hexes
   144 | D:2      | Reached skill level 1 in Charms
   144 | D:2      | Reached skill level 1 in Summonings
   144 | D:2      | Reached skill level 1 in Necromancy
   144 | D:2      | Reached skill level 1 in Translocations
   144 | D:2      | Reached skill level 1 in Transmutations
   144 | D:2      | Reached skill level 1 in Ice Magic
   144 | D:2      | Reached skill level 1 in Air Magic
   144 | D:2      | Reached skill level 1 in Earth Magic
   144 | D:2      | Reached skill level 1 in Poison Magic
   144 | D:2      | Reached skill level 1 in Invocations
   144 | D:2      | Reached skill level 1 in Evocations
   144 | D:2      | Reached XP level 3. HP: 19/26 MP: 2/9
   144 | D:2      | Reached XP level 4. HP: 23/32 MP: 2/11
   176 | D:2      | Found a sparkling altar of Nemelex Xobeh.
   231 | D:2      | Reached XP level 5. HP: 25/37 MP: 6/12
   294 | D:3      | Learned a level 4 spell: Sticky Flame
   298 | D:3      | Learned a level 3 spell: Conjure Flame
   303 | D:3      | Found an ornate altar of the Wu Jian Council.
   303 | D:3      | Found an iron altar of Okawaru.
   304 | D:3      | Found a blossoming altar of Fedhas.
   596 | D:4      | Noticed a phantom
   626 | D:4      | Noticed Robin
   635 | D:4      | Quit the game

Skill      XL: |  1  2 |
---------------+-------+-----
Conjurations   | 2 |  2.4
Fighting       | 1 |  1.5
Short Blades   | 1 |  1.5
Long Blades    | 1 |  1.5
Axes           | 1 |  1.5
Maces & Flails | 1 |  1.5
Polearms       | 1 |  1.5
Staves         | 1 |  1.5
Slings         | 1 |  1.5
Bows           | 1 |  1.5
Crossbows      | 1 |  1.5
Throwing       | 1 |  1.5
Armour         | 1 |  1.5
Shields        | 1 |  1.5
Unarmed Combat | 1 |  1.5
Spellcasting   | 5 |  5.2
Hexes          | 1 |  1.2
Charms         | 1 |  1.2
Summonings     | 1 |  1.2
Necromancy     | 1 |  1.2
Translocations | 1 |  1.2
Transmutations | 1 |  1.2
Ice Magic      | 1 |  1.2
Air Magic      | 1 |  1.2
Earth Magic    | 1 |  1.2
Poison Magic   | 1 |  1.2
Invocations    | 1 |  1.7
Evocations     | 1 |  1.5
Dodging        | |  4.8
Stealth        | |  4.4
Fire Magic     | |  5.5

Action                   |  1- 3 |  4- 6 || total
-------------------------+-------+-------++-------
Melee: Dagger            |     3 |    39 ||    42
       Bite              |     1 |     3 ||     4
 Cast: Flame Tongue      |    11 |    27 ||    38
       Throw Flame       |     1 |     1 ||     2
       Sticky Flame      |       |     1 ||     1
  Use: Scroll            |       |     1 ||     1
 Stab: Sleeping          |     1 |     2 ||     3
Armor: Robe              |     2 |     5 ||     7
Dodge: Dodged            |     5 |    34 ||    39

Table legend:
 A = Turns spent in this place as a percentage of turns spent in the entire game.
 B = Non-inter-level travel turns spent in this place as a percentage of non-inter-level travel turns spent in the entire game.
 C = Inter-level travel turns spent in this place as a percentage of turns spent in this place.
 D = Turns resting spent in this place as a percentage of non-inter-level travel turns spent in this place.
 E = Turns spent auto-exploring this place as a percentage of non-inter-level travel turns spent in this place.
 F = Non-inter-level travel turns spent in this place divided by the number of levels of this place that you've seen.
                   A       B       C       D       E      F
               +-------+-------+-------+-------+-------+----------------------
         Total | 100.0 | 100.0 |   0.0 |   0.0 |   0.0 | 158.8
       Dungeon | 100.0 | 100.0 |   0.0 |   0.0 |   0.0 | 158.8
               +-------+-------+-------+-------+-------+----------------------

Table legend:
 A = Kills in this place as a percentage of kills in entire the game.
 B = Kills by you in this place as a percentage of kills by you in the entire game.
 C = Kills by friends in this place as a percentage of kills by friends in the entire game.
 D = Other kills in this place as a percentage of other kills in the entire game.
 E = Experience gained in this place as a percentage of experience gained in the entire game.
 F = Experience gained in this place divided by the number of levels of this place that you have seen.
                   A       B       C       D       E      F
               +-------+-------+-------+-------+-------+----------------------
         Total | 100.0 | 100.0 |   N/A |   N/A | 100.0 |  68.2
       Dungeon | 100.0 | 100.0 |   N/A |   N/A | 100.0 |  68.2
               +-------+-------+-------+-------+-------+----------------------

Vault maps used:
D:1:      onia_arrival_pyramid
D:2:      nemelex_xobeh_ov_fountains_minmay, st_stairs_13
D:3:      tso_oasis_becter, gammafunk_temple_overflow_claw
D:4:      grunt_temple_overflow_order_and_chaos_2,
          eat_drink_and_be_merry_uskayaw, first_ration, uniq_robin
